Map: Voracity

Players

DarkAvenger - Winner!

  • Race: Protoss Protoss
  • Spawn Location: 1:00

Styles - Winner!

  • Race: Terran Terran
  • League: Gold
  • Spawn Location: 1:00

Hydrovirgx - Winner!

  • Race: Terran Terran
  • Spawn Location: 1:00

Dabhound

  • Race: Protoss Protoss
  • Spawn Location: 7:00

MrMerkin

  • Race: Protoss Protoss
  • Spawn Location: 7:00

IIIIIIIIIIII

  • Race: Protoss Protoss
  • Spawn Location: 7:00

VOD

Have the link to the VOD?

Description

Time

  • Played on: July 12, 2026, 8:41 a.m.
  • Length: 12:15
Show
View Real Time Build Order
Export as new Build Order

DarkAvenger Protoss - Winner!

Build Orders:  

Get SALT Encoding   

  8  0:01  Probe  
  9  0:13  Probe  
  10  0:25  Pylon  
  10  0:29  Probe (Chrono Boost)  
  11  0:42  Probe (Chrono Boost)  
  12  0:49  Probe (Chrono Boost)  
  13  0:57  Probe  
  14  1:09  Probe  
  15  1:21  Probe  
  16  1:33  Probe  
  16  1:39  Assimilator  
  17  1:45  Probe, Nexus  
  18  1:54  Pylon  
  18  1:58  Probe, Assimilator  
  19  2:10  Probe  
  20  2:15  Gateway  
  20  2:22  Probe (Chrono Boost)  
  21  2:33  Probe (Chrono Boost)  
  22  2:37  Probe (Chrono Boost)  
  23  2:48  Probe  
  24  2:55  Pylon  
  24  3:00  Probe x2  
  26  3:05  Cybernetics Core  
  26  3:12  Probe x2  
  28  3:18  Assimilator  
  28  3:20  Assimilator  
  28  3:24  Probe x2  
  30  3:36  Probe x2  
  32  3:43  Stargate  
  32  3:48  Stargate  
  32  3:52  Protoss Air Weapons Level 1  
  32  4:01  Probe  
  33  4:03  Probe  
  34  4:14  Probe  
  34  4:15  Probe  
  36  4:26  Probe, Void Ray (Chrono Boost)  
  36  4:27  Probe  
  42  4:31  Void Ray (Chrono Boost)  
  46  4:40  Probe  
  46  4:41  Probe  
  48  4:50  Pylon  
  48  4:52  Probe  
  49  4:54  Probe  
  49  4:56  Pylon  
  48  5:32  Void Ray (Chrono Boost)  
  48  5:33  Void Ray (Chrono Boost)  
  56  5:55  Probe  
  56  5:56  Probe  
  58  6:07  Probe  
  58  6:08  Probe  
  60  6:12  Void Ray (Chrono Boost)  
  60  6:16  Protoss Air Armor Level 1  
  64  6:19  Probe  
  64  6:20  Probe  
  64  6:24  Pylon  
  66  6:28  Pylon  
  66  6:34  Stargate  
  66  6:42  Void Ray  
  70  6:48  Void Ray  
  74  6:54  Nexus  
  74  6:58  Assimilator  
  74  6:59  Assimilator  
  74  7:15  Fleet Beacon  
  74  7:18  Void Ray  
  78  7:23  Stargate  
  78  7:25  Void Ray  
  78  7:28  Pylon  
  82  7:34  Pylon  
  82  7:46  Probe x2  
  82  7:47  Pylon  
  82  7:49  Pylon  
  84  7:53  Pylon, Void Ray  
  84  7:58  Probe x2  
  90  8:00  Pylon  
  90  8:01  Void Ray  
  90  8:04  Pylon  
  94  8:06  Pylon  
  94  8:09  Void Ray  
  94  8:10  Probe x2  
  94  8:12  Void Ray  
  104  8:18  Pylon  
  104  8:21  Pylon  
  104  8:24  Pylon  
  104  8:25  Flux Vanes  
  104  8:30  Pylon  
  96  8:40  Void Ray (Chrono Boost)  
  84  8:45  Void Ray (Chrono Boost)  
  88  8:53  Void Ray (Chrono Boost)  
  92  9:04  Void Ray (Chrono Boost)  
  96  9:21  Void Ray x2 (Chrono Boost)  
  104  9:25  Protoss Air Weapons Level 2 (Chrono Boost)  
  104  9:35  Void Ray  
  108  9:45  Void Ray  
  76  10:49  Void Ray x4  
  88  11:32  Void Ray x4  
Show
View Real Time Build Order
Export as new Build Order

Styles Terran - Winner!

Build Orders: Reaper Expand 

Get SALT Encoding   

  8  0:00  SCV  
  9  0:12  SCV  
  10  0:24  SCV  
  11  0:31  Supply Depot  
  11  0:36  SCV  
  12  0:48  SCV  
  13  1:01  SCV  
  14  1:09  Barracks  
  14  1:14  SCV, Refinery  
  15  1:30  SCV  
  16  1:42  SCV  
  17  1:54  SCV  
  17  1:57  Reaper  
  19  2:07  SCV  
  20  2:19  Command Center  
  20  2:27  SCV  
  21  2:30  Supply Depot  
  21  2:47  Factory  
  20  2:58  Barracks Reactor  
  20  2:59  SCV  
  21  3:07  Refinery  
  21  3:11  SCV  
  22  3:23  SCV  
  23  3:37  SCV  
  24  3:41  Orbital Command  
  24  3:48  Barracks  
  24  3:52  Orbital Command  
  24  3:53  Barracks  
  24  3:59  Marine  
  25  4:04  Marine  
  25  4:08  SCV  
  27  4:22  SCV x2  
  29  4:34  SCV x2  
  29  4:37  Supply Depot  
  31  4:39  Starport  
  31  4:47  Barracks Tech Lab, Barracks Reactor  
  31  4:53  SCV  
  31  4:54  Barracks  
  31  4:56  Barracks  
  31  4:57  SCV  
  33  5:00  Marine  
  36  5:07  Widow Mine x2  
  37  5:15  Marauder  
  36  5:22  Marine  
  29  5:37  Marauder  
  29  5:39  SCV x2  
  31  5:52  Widow Mine x2, SCV  
  31  5:53  SCV  
  37  6:03  Barracks Reactor x2  
  37  6:04  Barracks Tech Lab  
  37  6:05  Stimpack  
  37  6:06  SCV x2  
  39  6:13  Starport Reactor  
  39  6:14  Marine x2  
  41  6:24  Marine  
  41  6:25  Marine  
  43  6:26  SCV x2  
  45  6:37  Marine x2  
  47  6:42  SCV x2  
  49  6:48  Engineering Bay  
  49  6:51  Engineering Bay  
  49  6:53  Refinery  
  49  6:54  SCV  
  49  6:59  Supply Depot  
  50  7:07  Refinery  
  50  7:13  Supply Depot  
  50  7:21  Medivac x2, SCV x2  
  56  7:24  Combat Shield  
  56  7:33  SCV x2  
  58  7:40  Terran Infantry Armor Level 1, Terran Infantry Weapons Level 1  
  58  7:45  Widow Mine x2, Marine, SCV x2  
  65  7:57  Sensor Tower, SCV  
  66  8:01  Missile Turret  
  66  8:13  Supply Depot  
  66  8:16  Missile Turret  
  66  8:29  Missile Turret  
  66  8:35  Marine x7, SCV  
  74  8:50  Concussive Shells  
  74  8:57  Armory  
  74  9:00  Missile Turret  
  74  9:04  Supply Depot  
  74  9:05  Supply Depot  
  74  9:08  Supply Depot  
  74  9:09  Supply Depot  
  74  9:26  SCV x2, Widow Mine x2, Marauder, Viking x2  
  86  9:38  SCV x2  
  88  9:48  Widow Mine x2  
  88  9:50  SCV x2  
  94  9:54  Command Center  
  94  10:03  Factory  
  94  10:34  Viking x2  
  96  10:35  Marine  
  96  10:36  Marine x5  
  96  10:37  Marauder  
  96  10:38  Marauder  
  104  11:06  Widow Mine x2, Marine x2  
  104  11:07  Marine x4  
  104  11:09  Marauder x2  
  118  11:13  Planetary Fortress  
  118  11:14  SCV  
  119  11:19  Refinery  
  119  11:35  Refinery  
  119  11:42  Supply Depot  
  119  11:45  Supply Depot x2  
  119  11:47  Missile Turret  
  119  11:52  SCV x2  
Show
View Real Time Build Order
Export as new Build Order

Hydrovirgx Terran - Winner!

Build Orders:  

Get SALT Encoding   

  8  1:18  SCV  
  9  1:25  Refinery  
  9  1:28  Refinery  
  9  1:30  SCV  
  10  1:33  Engineering Bay  
  10  1:42  SCV  
  11  1:54  SCV  
  11  1:55  Supply Depot  
  11  1:56  Supply Depot  
  12  2:06  SCV  
  13  2:13  Supply Depot  
  13  2:19  SCV  
  14  2:35  SCV  
  15  2:47  SCV  
  16  2:59  SCV  
  17  3:11  SCV  
  18  3:23  SCV  
  19  3:35  SCV  
  20  3:41  Barracks  
  20  3:47  SCV  
  21  3:58  Barracks  
  21  3:59  SCV  
  22  4:11  SCV  
  22  4:16  Barracks  
  23  4:35  Barracks Reactor  
  23  5:08  Marine x2  
  23  5:11  Marine x2  
  27  5:26  Marine x2  
  29  5:29  Marine x2  
  31  5:44  Marine x2  
  31  5:47  Marine x2  
  35  5:59  Supply Depot  
  35  6:02  Marine x2  
  37  6:06  Supply Depot  
  37  6:15  Supply Depot  
  37  6:20  Marine x4  
  41  6:29  Orbital Command  
  41  6:38  Marine x4  
  45  6:55  Marine  
  45  6:58  Marine x3  
  49  7:13  Marine  
  50  7:16  Marine x3  
  35  7:55  Reaper x4  
  35  8:29  Reaper x4  
  39  8:36  Missile Turret  
  39  8:37  Missile Turret  
  39  8:46  Missile Turret  
  39  8:47  Missile Turret x2  
  39  8:49  Missile Turret  
  39  9:03  Reaper x4  
  35  9:37  Reaper x4  
  35  10:11  Reaper x4  
  38  10:44  Reaper x2  
  38  10:45  Reaper x2  
  42  11:18  Reaper x2  
  42  11:19  Reaper x2  
Show
View Real Time Build Order
Export as new Build Order

Dabhound Protoss 

Build Orders:  

Get SALT Encoding   

  8  0:25  Probe  
  9  0:33  Pylon  
  9  0:37  Probe  
  10  0:53  Gateway  
  10  1:05  Gateway  
  10  1:10  Probe  
  11  1:22  Probe  
  11  1:24  Assimilator  
  12  1:34  Probe  
  13  1:46  Probe  
  14  1:52  Assimilator  
  14  1:58  Probe  
  15  2:04  Cybernetics Core  
  15  2:09  Pylon  
  15  2:15  Probe  
  16  2:23  Zealot (Chrono Boost)  
  18  2:33  Zealot (Chrono Boost)  
  20  2:42  Probe  
  21  2:54  Probe  
  21  2:57  Stalker (Chrono Boost)  
  24  3:10  Pylon  
  24  3:13  Probe  
  25  3:33  Stalker  
  27  3:35  Stalker  
  29  3:44  Probe  
  30  4:00  Nexus  
  30  4:06  Pylon  
  30  4:10  Probe  
  30  4:16  Stalker  
  33  4:27  Stalker  
  33  4:29  Probe  
  36  4:38  Forge  
  36  4:41  Probe  
  37  4:49  Stalker  
  27  5:48  Stalker  
  27  5:49  Stalker  
  29  5:50  Probe  
  29  5:53  Probe  
  31  5:58  Protoss Ground Weapons Level 1  
  31  6:03  Probe  
  32  6:05  Probe  
  32  6:06  Twilight Council  
  32  6:09  Stargate  
  33  6:15  Stargate  
  33  6:17  Probe  
  34  6:19  Probe  
  34  6:23  Assimilator  
  35  6:28  Assimilator  
  35  6:32  Probe  
  36  6:39  Probe  
  37  6:44  Probe  
  37  6:45  Protoss Air Weapons Level 1  
  38  6:47  Nexus  
  38  6:52  Probe  
  39  6:54  Stalker  
  39  6:58  Stalker  
  43  7:03  Probe  
  43  7:04  Probe  
  45  7:10  Pylon  
  45  7:16  Probe  
  45  7:17  Probe  
  47  7:25  Gateway  
  47  7:28  Probe  
  48  7:30  Probe  
  48  7:36  Stalker  
  51  7:45  Stalker  
  53  7:51  Probe  
  54  8:00  Probe  
  54  8:02  Probe  
  56  8:19  Void Ray  
  60  8:20  Void Ray  
  60  8:21  Protoss Ground Weapons Level 2  
  60  8:25  Probe  
  65  8:27  Probe  
  65  8:32  Probe  
  67  8:38  Photon Cannon  
  63  8:41  Photon Cannon  
  63  8:44  Pylon  
  55  8:48  Probe  
  56  8:55  Stalker  
  56  8:56  Stalker  
  56  9:00  Stalker  
  62  9:03  Probe  
  63  9:10  Assimilator  
  63  9:13  Assimilator  
  63  9:19  Shield Battery  
  63  9:26  Probe  
  63  9:30  Nexus  
  65  9:31  Probe  
  65  9:33  Stalker  
  65  9:36  Stalker  
  69  9:55  Fleet Beacon  
  69  9:57  Void Ray (Chrono Boost)  
  74  10:00  Probe  
  58  10:17  Void Ray (Chrono Boost)  
  62  10:24  Stalker  
  62  10:25  Stalker  
  62  10:26  Stalker  
  66  10:49  Tempest  
  68  10:53  Tempest  
Show
View Real Time Build Order
Export as new Build Order

MrMerkin Protoss 

Build Orders:  

Get SALT Encoding   

  8  0:37  Probe (Chrono Boost)  
  9  0:47  Probe (Chrono Boost)  
  10  0:52  Probe (Chrono Boost)  
  10  0:54  Pylon  
  11  1:03  Probe  
  12  1:16  Probe  
  13  1:21  Gateway  
  13  1:31  Gateway  
  13  1:33  Gateway  
  13  1:42  Probe (Chrono Boost)  
  14  1:53  Probe (Chrono Boost)  
  15  2:03  Gateway  
  15  2:08  Cybernetics Core  
  15  2:14  Assimilator  
  15  2:17  Assimilator  
  15  2:20  Probe (Chrono Boost)  
  17  2:30  Probe (Chrono Boost)  
  17  2:42  Probe  
  18  2:54  Probe  
  18  2:57  Adept  
  21  3:34  Pylon  
  21  3:52  Probe  
  21  3:54  Stargate  
  22  3:57  Stargate  
  22  4:05  Probe  
  23  4:36  Stalker x3  
  29  4:46  Pylon  
  29  4:55  Pylon  
  29  5:04  Stalker  
  31  5:09  Nexus  
  27  5:44  Pylon  
  27  5:48  Void Ray (Chrono Boost), Nexus  
  27  5:49  Void Ray (Chrono Boost)  
  35  6:04  Shield Battery  
  35  6:07  Probe (Chrono Boost), Assimilator  
  36  6:16  Warp Gate  
  36  6:17  Probe (Chrono Boost)  
  37  6:45  Probe (Chrono Boost)  
  38  6:49  Stalker x2 (Chrono Boost)  
  43  6:55  Probe (Chrono Boost)  
  43  7:00  Stalker (Chrono Boost), Probe (Chrono Boost)  
  46  7:04  Probe (Chrono Boost)  
  47  7:09  Stalker (Chrono Boost)  
  47  7:13  Probe (Chrono Boost)  
  52  7:23  Stalker (Chrono Boost), Probe (Chrono Boost)  
  52  7:26  Assimilator  
  54  7:34  Probe x2 (Chrono Boost)  
  55  7:39  Probe (Chrono Boost)  
  56  7:50  Probe  
  33  8:42  Void Ray  
  33  8:43  Void Ray  
  41  8:49  Stargate  
  41  8:53  Stargate  
  41  8:54  Probe (Chrono Boost)  
  42  8:57  Probe (Chrono Boost)  
  42  9:02  Stalker x4  
  52  9:04  Probe (Chrono Boost)  
  52  9:06  Probe (Chrono Boost)  
  53  9:10  Probe (Chrono Boost)  
  53  9:11  Probe (Chrono Boost)  
  55  9:20  Probe, Gateway  
  55  9:22  Probe  
  55  9:23  Gateway  
  57  9:26  Gateway  
  57  9:33  Stalker x2  
  57  9:34  Stalker x2, Probe  
  66  9:59  Stalker x3  
  72  10:00  Stalker  
Show
View Real Time Build Order
Export as new Build Order

IIIIIIIIIIII Protoss 

Build Orders:  

Get SALT Encoding   

  8  0:01  Probe  
  9  0:13  Probe (Chrono Boost)  
  10  0:25  Probe (Chrono Boost)  
  11  0:29  Probe (Chrono Boost)  
  12  0:39  Probe  
  13  0:43  Pylon  
  13  1:01  Probe  
  14  1:05  Pylon  
  14  1:15  Gateway  
  14  1:20  Probe (Chrono Boost)  
  15  1:30  Probe (Chrono Boost)  
  16  1:35  Probe (Chrono Boost)  
  17  1:44  Forge  
  17  1:46  Probe  
  18  1:47  Pylon  
  18  1:59  Probe  
  19  2:11  Probe  
  20  2:20  Photon Cannon  
  20  2:36  Photon Cannon  
  20  2:45  Nexus  
  20  2:52  Assimilator  
  20  2:55  Assimilator  
  20  2:57  Cybernetics Core  
  20  3:01  Probe (Chrono Boost)  
  21  3:12  Probe (Chrono Boost)  
  22  3:16  Probe (Chrono Boost)  
  23  3:27  Probe  
  24  3:39  Probe  
  25  3:51  Pylon, Probe  
  26  4:02  Probe (Chrono Boost)  
  27  4:09  Probe (Chrono Boost)  
  28  4:10  Photon Cannon  
  28  4:12  Probe (Chrono Boost)  
  28  4:16  Probe (Chrono Boost)  
  30  4:17  Probe (Chrono Boost)  
  31  4:27  Probe  
  31  4:28  Probe  
  33  4:39  Probe  
  33  4:40  Probe  
  35  4:50  Pylon  
  35  4:53  Probe (Chrono Boost)  
  35  4:58  Photon Cannon  
  36  5:00  Shield Battery  
  36  5:02  Probe (Chrono Boost)  
  37  5:07  Probe (Chrono Boost)  
  37  5:09  Shield Battery  
  37  5:12  Photon Cannon  
  38  5:19  Probe (Chrono Boost)  
  39  5:28  Probe (Chrono Boost)  
  40  5:32  Stargate  
  40  5:33  Probe  
  40  5:34  Stargate  
  41  5:37  Stargate  
  41  5:38  Pylon  
  41  5:45  Probe  
  41  5:47  Assimilator  
  42  5:51  Assimilator  
  42  5:57  Probe (Chrono Boost)  
  43  6:05  Pylon  
  43  6:09  Probe (Chrono Boost)  
  44  6:16  Probe (Chrono Boost)  
  45  6:24  Probe (Chrono Boost)  
  46  6:36  Probe (Chrono Boost)  
  47  6:42  Photon Cannon  
  47  6:44  Void Ray x3, Pylon, Probe (Chrono Boost)  
  60  6:50  Probe  
  60  6:53  Fleet Beacon  
  61  7:02  Probe  
  62  7:14  Probe  
  63  7:26  Probe  
  63  7:28  Void Ray x3  
  76  7:38  Probe  
  77  7:54  Flux Vanes  
  77  8:11  Void Ray, Oracle  
  84  8:13  Nexus  
  84  8:20  Protoss Air Weapons Level 1 (Chrono Boost)  
  84  8:21  Pylon  
  84  8:26  Pylon  
  84  8:27  Pylon  
  84  8:32  Pylon  
  84  8:33  Void Ray  
  88  8:46  Cybernetics Core  
  88  8:48  Void Ray  
  88  8:54  Protoss Shields Level 1 (Chrono Boost)  
  92  8:56  Pylon, Stargate  
  92  9:04  Pylon  
  92  9:34  Photon Cannon  
  92  9:35  Photon Cannon  
  92  9:38  Shield Battery  
  92  9:39  Shield Battery  
  92  9:42  Shield Battery  
  92  9:44  Photon Cannon  
  92  9:45  Photon Cannon  
  92  9:47  Photon Cannon  
  92  9:49  Photon Cannon  
  92  9:50  Protoss Air Armor Level 1 (Chrono Boost)  
  92  9:51  Void Ray x2  
  100  9:54  Photon Cannon  
  100  9:57  Void Ray  
  104  10:05  Assimilator  
  104  10:06  Assimilator  
  104  10:10  Shield Battery  
  104  10:15  Photon Cannon  
  104  10:23  Void Ray  
  108  10:34  Void Ray  
  96  10:36  Void Ray  
  80  10:48  Void Ray  
  76  10:52  Probe  
  77  11:06  Void Ray  
  81  11:17  Void Ray  
  85  11:19  Void Ray  
  85  11:24  Nexus  
  89  11:27  Nexus  
  89  11:31  Void Ray  
  93  11:34  Stargate  
  93  11:39  Stargate  
  93  11:41  Stargate  
  93  11:49  Pylon  
Tags
 
Add a new tag
Caveats
  • Supply blocks, unpowered buildings, or Contaminate may cause inaccurate times.
  • Supply counts are checked every 10 seconds.